Canucks vs Sénateurs
Created - 16 décembre 2013 at 19:02
Goals
|
| Canucks |
1 |
0 |
1 |
2 |
| Sénateurs |
0 |
1 |
2 |
3 |
|
Shots
|
| Canucks |
14 |
7 |
8 |
29 |
| Sénateurs |
8 |
12 |
10 |
30 |
|
1st period
1. Canucks , Matt Stajan 4 (Scott Niedermayer, Mark Streit) at 9:04
Penalties :
Ville Nieminen (Ott) for High sticking (Minor) at 17:25, Brent Sopel (Van) for Tripping (Minor) at 17:25
2nd period
2. Sénateurs , Vitaly Vishnevsky 2 (Ray Whitney, Nikita Alexeev) at 16:42 (PP)
Penalties :
Scott Niedermayer (Van) for Slashing (Minor) at 0:12, François Beauchemin (Van) for Hooking (Minor) at 14:58, Paul Gaustad (Ott) for Cross-checking (Minor) at 17:55
3rd period
3. Sénateurs , Sami Kapanen 5 (Vitaly Vishnevsky, Dan Hinote) at 10:40
4. Sénateurs , Jay McKee 4 (Andy McDonald, Daymond Langkow) at 15:52 (PP)
5. Canucks , Jaromir Jagr 12 (Peter Worrell, Matt Stajan) at 18:46 (PP)
Penalties :
Toni Lydman (Ott) for Fighting (Major) at 0:56, Brent Sopel (Van) for Fighting (Major) at 0:56, Matt Stajan (Van) for Hooking (Minor) at 4:51, Ray Whitney (Ott) for Interference (Minor) at 7:42, Jeremy Williams (Van) for Hooking (Minor) at 15:48, Todd Bertuzzi (Ott) for Hooking (Minor) at 18:38, Vitaly Vishnevsky (Ott) for Goalie Interference (Minor) at 19:27
Goalie Stats
Carey Price (Van), 27 saves from 30 shots - (0,900), L, 10-12-0, 59:12 minutes
Jonas Hiller (Ott), 27 saves from 29 shots - (0,931), W, 12-7-1, 60:00 minutes
Players Stats for Canucks
Player Name G A P +/- PIM S H SB GA TA FO MP PP MP PK MP
------------------------------------------------------------------------------------
Anthony Stewart 0 0 0 0 0 0 0 0 0 0 0/0 6:29 0:00 0:00
Brent Sopel 0 0 0 0 7 2 2 0 0 0 0/0 20:00 2:35 1:48
Clarke MacArthur 0 0 0 0 0 2 3 1 0 1 2/2 20:45 2:19 2:08
Daniel Paille 0 0 0 0 0 0 1 0 1 0 0/0 6:47 0:00 0:18
David Jones 0 0 0 0 0 4 4 0 0 0 0/0 13:52 2:19 0:00
Derian Hatcher 0 0 0 0 0 0 0 0 1 1 0/0 20:34 2:12 2:34
Erik Christensen 0 0 0 0 0 1 0 0 0 0 0/0 7:57 0:00 1:14
Fabian Brunnstrom 0 0 0 0 0 2 2 0 1 2 0/1 13:04 0:00 0:00
François Beauchemin 0 0 0 -1 2 3 1 0 0 0 0/0 17:28 1:28 0:29
Jaromir Jagr 1 0 1 0 0 5 0 0 0 0 4/9 23:50 2:19 3:38
Jeremy Williams 0 0 0 0 2 1 1 0 0 1 0/0 11:58 0:00 0:00
Jiri Hudler 0 0 0 0 0 1 2 0 0 0 5/9 13:52 2:19 0:00
Kris Vernarsky 0 0 0 0 0 4 0 0 0 0 2/5 12:51 0:00 0:00
Mark Streit 0 1 1 1 0 0 3 2 0 2 0/0 28:57 2:30 3:22
Matt Stajan 1 1 2 0 2 2 4 0 0 0 19/33 19:54 2:19 0:36
Peter Worrell 0 1 1 0 0 1 1 0 1 1 0/1 19:55 2:19 3:38
Scott Niedermayer 0 1 1 1 2 0 1 1 0 1 0/0 16:29 0:31 0:57
Taylor Chorney 0 0 0 -1 0 1 0 0 0 2 0/0 17:35 0:00 2:30
Players Stats for Sénateurs
Player Name G A P +/- PIM S H SB GA TA FO MP PP MP PK MP
------------------------------------------------------------------------------------
Andy McDonald 0 1 1 0 0 5 0 1 0 0 0/0 19:43 3:12 0:33
Chris Kelly 0 0 0 0 0 1 0 0 0 0 5/8 14:25 0:00 1:01
Dan Girardi 0 0 0 0 0 0 3 2 1 2 0/0 22:06 1:10 2:08
Dan Hinote 0 1 1 -1 0 2 1 0 0 0 0/0 10:19 0:00 0:00
Daymond Langkow 0 1 1 0 0 4 2 3 0 0 18/33 22:09 3:12 3:04
Jay McKee 1 0 1 -1 0 1 2 3 1 0 0/0 28:49 3:25 3:02
Nikita Alexeev 0 1 1 0 0 2 2 0 1 0 0/1 14:01 2:34 0:00
Paul Gaustad 0 0 0 1 2 0 2 1 0 0 2/4 15:01 2:34 0:30
Ray Whitney 0 1 1 1 2 2 2 0 0 0 0/0 13:05 2:34 0:00
Richard Jackman 0 0 0 0 0 0 0 0 0 0 0/0 0:39 0:00 0:00
Sami Kapanen 1 0 1 1 0 1 1 1 1 0 0/0 10:29 0:00 0:00
Sami Salo 0 0 0 1 0 1 1 1 0 0 0/0 19:57 2:21 1:36
Sean Avery 0 0 0 0 0 1 1 1 2 0 0/2 12:43 0:00 1:12
Todd Bertuzzi 0 0 0 0 2 2 3 0 3 1 1/8 22:00 3:12 2:56
Toni Lydman 0 0 0 1 5 2 3 2 0 1 0/0 18:29 1:11 0:00
Vernon Fiddler 0 0 0 -1 0 3 0 0 0 0 2/4 10:19 0:00 0:00
Ville Nieminen 0 0 0 -1 2 2 2 0 0 0 0/0 10:53 0:00 0:00
Vitaly Vishnevsky 1 1 2 -1 2 1 3 2 2 0 0/0 28:10 3:25 2:30
3 Stars
1 - Matt Stajan (Van)
2 - Sami Kapanen (Ott)
3 - Vitaly Vishnevsky (Ott)
Power Play
Canucks - 1 on 4 Attempt(s) - 25,00%
Sénateurs - 2 on 4 Attempt(s) - 50,00%
Penalty Kill
Canucks - 2 on 4 Attempt(s) - 50,00%
- Score 0 goal in Penalty Kill
Sénateurs - 3 on 4 Attempt(s) - 75,00%
- Score 0 goal in Penalty Kill
Official
Referees : Marouelli Dan and Meier Brad
Linesman : Steve Miller and Shane Heyer
Game Notes
Richard Jackman is injured at 1:21 of 1st period (Left Hip)
Brent Sopel beats up Toni Lydman at 0:56 of 3rd period
Scott Niedermayer is injured at 1:01 of 3rd period (Lower Body)
Finance
Level 1 -- Attendance: 4194 (69,90%) -- Ticket Income 377 460 $
Level 2 -- Attendance: 4270 (85,40%) -- Ticket Income 213 500 $
Level 3 -- Attendance: 1802 (90,10%) -- Ticket Income 54 060 $
Level 4 -- Attendance: 4000 (100,00%) -- Ticket Income 68 000 $
Luxury Box -- Attendance: 721 (72,10%) -- Ticket Income 129 780 $
Game was played at the Place Banque Scotia
Total Attendance: 14987 (83,26%)
Total Ticket Income: 842 800 $
Other Income: 126 420 $
Total Income: 969 220 $
Canucks
5 vs 5 Forward
Center Left Wing Right Wing Time % Phy DF OF
1 Matt Stajan Clarke MacArthur Jaromir Jagr 48 1 2 2
2 Jiri Hudler Peter Worrell David Jones 30 1 2 2
3 Kris Vernarsky Fabian Brunnstrom Jeremy Williams 20 1 2 2
4 Erik Christensen Daniel Paille Anthony Stewart 2 1 2 2
5 vs 5 Defense
Defense Defense Time % Phy DF OF
1 Mark Streit Scott Niedermayer 40 1 2 2
2 Brent Sopel Derian Hatcher 30 1 2 2
3 François Beauchemin Taylor Chorney 20 1 2 2
4 Mark Streit Taylor Chorney 10 1 2 2
PowerPlay Forward
Center Left Wing Right Wing Time % Phy DF OF
1 Matt Stajan Peter Worrell Jaromir Jagr 60 1 2 2
2 Jiri Hudler Clarke MacArthur David Jones 40 1 2 2
PowerPlay Defense
Defense Defense Time % Phy DF OF
1 Mark Streit Scott Niedermayer 60 1 2 2
2 Brent Sopel Derian Hatcher 40 1 2 2
Penalty Kill 4 Players Forward
Center Wing Time % Phy DF OF
1 Jaromir Jagr Peter Worrell 60 1 2 2
2 Clarke MacArthur Matt Stajan 40 1 2 2
Penalty Kill 4 Players Defense
Defense Defense Time % Phy DF OF
1 Mark Streit Scott Niedermayer 60 1 2 2
2 Brent Sopel Derian Hatcher 40 1 2 2
Penalty Kill - 3 Players Forward
Forward Time % Phy DF OF
1 Jaromir Jagr 60 1 2 2
2 Peter Worrell 40 1 2 2
Penalty Kill - 3 Players Defense
Defense Defense Time % Phy DF OF
1 Mark Streit Scott Niedermayer 60 1 2 2
2 Brent Sopel Derian Hatcher 40 1 2 2
4 vs 4 Forward
Center Wing Time % Phy DF OF
1 Jaromir Jagr Peter Worrell 60 1 2 2
2 Clarke MacArthur Matt Stajan 40 1 2 2
4 vs 4 Defense
Defense Defense Time % Phy DF OF
1 Mark Streit Scott Niedermayer 60 1 2 2
2 Brent Sopel Derian Hatcher 40 1 2 2
Last Minutes Offensive
Center Left Wing Right Wing Defense Defense
Matt Stajan Peter Worrell Jaromir Jagr Mark Streit Scott Niedermayer
Last Minutes Defensive
Center Left Wing Right Wing Defense Defense
Matt Stajan Peter Worrell Jaromir Jagr Mark Streit Scott Niedermayer
Goaltenders
Starting : Carey Price
Backup : José Theodore
Extra Forwards
Normal : Fabian Brunnstrom, Kris Vernarsky, Erik Christensen - PP : Fabian Brunnstrom, Kris Vernarsky - PK : Erik Christensen
Extra Defensemen
Normal : François Beauchemin, Taylor Chorney, Brent Sopel - PP : François Beauchemin - PK : Taylor Chorney, Brent Sopel
Penalty Shots
Jaromir Jagr, Peter Worrell, Clarke MacArthur, Matt Stajan, Jiri Hudler
Sénateurs
5 vs 5 Forward
Center Left Wing Right Wing Time % Phy DF OF
1 Daymond Langkow Andy McDonald Todd Bertuzzi 40 1 2 2
2 Chris Kelly Sean Avery Nikita Alexeev 30 1 2 2
3 Paul Gaustad Ray Whitney Sami Kapanen 20 1 2 2
4 Vernon Fiddler Ville Nieminen Dan Hinote 10 1 2 2
5 vs 5 Defense
Defense Defense Time % Phy DF OF
1 Vitaly Vishnevsky Jay McKee 40 1 2 2
2 Sami Salo Richard Jackman 30 1 2 2
3 Toni Lydman Dan Girardi 20 1 2 2
4 Vitaly Vishnevsky Jay McKee 10 1 2 2
PowerPlay Forward
Center Left Wing Right Wing Time % Phy DF OF
1 Daymond Langkow Andy McDonald Todd Bertuzzi 60 1 2 2
2 Paul Gaustad Ray Whitney Nikita Alexeev 40 1 2 2
PowerPlay Defense
Defense Defense Time % Phy DF OF
1 Vitaly Vishnevsky Jay McKee 60 1 2 2
2 Sami Salo Richard Jackman 40 1 2 2
Penalty Kill 4 Players Forward
Center Wing Time % Phy DF OF
1 Todd Bertuzzi Daymond Langkow 60 1 2 2
2 Paul Gaustad Chris Kelly 40 1 2 2
Penalty Kill 4 Players Defense
Defense Defense Time % Phy DF OF
1 Vitaly Vishnevsky Jay McKee 60 1 2 2
2 Sami Salo Richard Jackman 40 1 2 2
Penalty Kill - 3 Players Forward
Forward Time % Phy DF OF
1 Todd Bertuzzi 60 1 2 2
2 Daymond Langkow 40 1 2 2
Penalty Kill - 3 Players Defense
Defense Defense Time % Phy DF OF
1 Vitaly Vishnevsky Jay McKee 60 1 2 2
2 Sami Salo Richard Jackman 40 1 2 2
4 vs 4 Forward
Center Wing Time % Phy DF OF
1 Todd Bertuzzi Daymond Langkow 60 1 2 2
2 Paul Gaustad Chris Kelly 40 1 2 2
4 vs 4 Defense
Defense Defense Time % Phy DF OF
1 Vitaly Vishnevsky Jay McKee 60 1 2 2
2 Sami Salo Richard Jackman 40 1 2 2
Last Minutes Offensive
Center Left Wing Right Wing Defense Defense
Daymond Langkow Andy McDonald Todd Bertuzzi Vitaly Vishnevsky Jay McKee
Last Minutes Defensive
Center Left Wing Right Wing Defense Defense
Daymond Langkow Andy McDonald Todd Bertuzzi Vitaly Vishnevsky Jay McKee
Goaltenders
Starting : Jonas Hiller
Backup : Maxime Ouellet
Extra Forwards
Normal : Vernon Fiddler, Sami Kapanen, Sean Avery - PP : Vernon Fiddler, Sami Kapanen - PK : Sean Avery
Extra Defensemen
Normal : Toni Lydman, Dan Girardi, Sami Salo - PP : Toni Lydman - PK : Dan Girardi, Sami Salo
Penalty Shots
Todd Bertuzzi, Daymond Langkow, Paul Gaustad, Chris Kelly, Andy McDonald
% Time on Ice - Canucks
Lines # - Real PCT - Wanted PCT - Time Play
Normal Forward
1 - 36% - 48% - 16:55
2 - 25% - 30% - 11:33
3 - 26% - 20% - 11:59
4 - 14% - 2% - 6:29
Normal Defense
1 - 44% - 40% - 20:38
2 - 31% - 30% - 14:22
3 - 18% - 20% - 8:37
4 - 7% - 10% - 3:19
PP Forward
1 - 50% - 60% - 2:19
2 - 50% - 40% - 2:19
PP Defense
1 - 68% - 60% - 3:10
2 - 32% - 40% - 1:28
PK Forward
1 - 75% - 60% - 4:18
2 - 25% - 40% - 1:28
PK Defense
1 - 64% - 60% - 3:42
2 - 36% - 40% - 2:04
PK3 Forward
1 - 0% - 60%
2 - 0% - 40%
PK3 Defense
1 - 0% - 60%
2 - 0% - 40%
44 Forward
1 - 70% - 60% - 1:23
2 - 30% - 40% - 0:36
44 Defense
1 - 58% - 60% - 1:09
2 - 42% - 40% - 0:50
Last Minute Offensive - 0:41
Last Minute Defensive - 0:00
Total
Forward - 60:00
Defense - 60:00
|
% Time on Ice - Sénateurs
Lines # - Real PCT - Wanted PCT - Time Play
Normal Forward
1 - 30% - 40% - 14:01
2 - 26% - 30% - 12:07
3 - 22% - 20% - 10:29
4 - 22% - 10% - 10:19
Normal Defense
1 - 34% - 40% - 15:54
2 - 39% - 30% - 18:20
3 - 25% - 20% - 11:38
4 - 2% - 10% - 1:04
PP Forward
1 - 55% - 60% - 3:12
2 - 45% - 40% - 2:34
PP Defense
1 - 59% - 60% - 3:25
2 - 41% - 40% - 2:21
PK Forward
1 - 78% - 60% - 3:37
2 - 22% - 40% - 1:01
PK Defense
1 - 65% - 60% - 3:02
2 - 35% - 40% - 1:36
PK3 Forward
1 - 0% - 60%
2 - 0% - 40%
PK3 Defense
1 - 0% - 60%
2 - 0% - 40%
44 Forward
1 - 61% - 60% - 1:12
2 - 39% - 40% - 0:47
44 Defense
1 - 53% - 60% - 1:03
2 - 47% - 40% - 0:56
Last Minute Offensive - 0:00
Last Minute Defensive - 0:41
Total
Forward - 60:00
Defense - 60:00
|
Play by Play
1st period
0:01 of 1st period - Matt Stajan wins face-off versus Daymond Langkow in neutral zone.
0:53 of 1st period - Chris Kelly is hit by David Jones and loses puck.
1:20 of 1st period - Richard Jackman is hit by Fabian Brunnstrom and loses puck.
1:21 of 1st period - Richard Jackman from Sénateurs is injured at 1:21 of 1st period (Left Hip).
1:22 of 1st period - Chris Kelly wins face-off versus Jiri Hudler in Sénateurs zone.
1:27 of 1st period - Wrist shot by Peter Worrell.
1:27 of 1st period - Shot Blocked by Sean Avery.
1:33 of 1st period - Slapshot by Nikita Alexeev.
1:33 of 1st period - Stopped by Carey Price with a rebound.
1:35 of 1st period - Wrist shot by Sean Avery.
1:35 of 1st period - Shot Misses the Net.
1:37 of 1st period - Slapshot by Toni Lydman.
1:37 of 1st period - Stopped by Carey Price with a rebound.
1:47 of 1st period - Toni Lydman is hit by Matt Stajan and loses puck.
2:06 of 1st period - Slapshot by Fabian Brunnstrom.
2:06 of 1st period - Shot Misses the Net.
2:30 of 1st period - Vitaly Vishnevsky is hit by Daniel Paille.
2:51 of 1st period - Taylor Chorney is hit by Nikita Alexeev and loses puck.
3:10 of 1st period - Snap shot by Ville Nieminen.
3:10 of 1st period - Stopped by Carey Price with a rebound.
3:12 of 1st period - Snap shot by Vernon Fiddler.
3:12 of 1st period - Stopped by Carey Price without a rebound.
3:13 of 1st period - Vernon Fiddler wins face-off versus Matt Stajan in Canucks zone.
4:06 of 1st period - Snap shot by Todd Bertuzzi.
4:06 of 1st period - Stopped by Carey Price with a rebound.
4:20 of 1st period - Jay McKee is hit by Clarke MacArthur and loses puck.
4:41 of 1st period - Derian Hatcher is hit by Sami Kapanen and loses puck.
4:58 of 1st period - Toni Lydman is hit by Fabian Brunnstrom and loses puck.
5:05 of 1st period - Wrist shot by Fabian Brunnstrom.
5:05 of 1st period - Shot Misses the Net.
6:45 of 1st period - Snap shot by Peter Worrell.
6:45 of 1st period - Shot Misses the Net.
6:47 of 1st period - Snap shot by Peter Worrell.
6:47 of 1st period - Shot Misses the Net.
6:49 of 1st period - Wrist shot by François Beauchemin.
6:49 of 1st period - Stopped by Jonas Hiller with a rebound.
6:51 of 1st period - Slapshot by François Beauchemin.
6:51 of 1st period - Stopped by Jonas Hiller with a rebound.
6:53 of 1st period - Backhand shot by David Jones.
6:53 of 1st period - Shot Blocked by Vitaly Vishnevsky.
7:13 of 1st period - Snap shot by Clarke MacArthur.
7:13 of 1st period - Shot Misses the Net.
7:51 of 1st period - Wrist shot by Kris Vernarsky.
7:51 of 1st period - Stopped by Jonas Hiller with a rebound.
7:53 of 1st period - Snap shot by Fabian Brunnstrom.
7:53 of 1st period - Stopped by Jonas Hiller without a rebound.
7:54 of 1st period - Matt Stajan wins face-off versus Nikita Alexeev in Sénateurs zone.
7:59 of 1st period - Slapshot by Clarke MacArthur.
7:59 of 1st period - Shot Misses the Net.
8:01 of 1st period - Slapshot by Brent Sopel.
8:01 of 1st period - Shot Misses the Net.
8:21 of 1st period - Toni Lydman is hit by David Jones and loses puck.
8:26 of 1st period - Snap shot by David Jones.
8:26 of 1st period - Stopped by Jonas Hiller with a rebound.
8:28 of 1st period - Snap shot by Jiri Hudler.
8:28 of 1st period - Shot Blocked by Toni Lydman.
8:50 of 1st period - Slapshot by Ray Whitney.
8:50 of 1st period - Stopped by Carey Price with a rebound.
9:02 of 1st period - Slapshot by Scott Niedermayer.
9:02 of 1st period - Shot Misses the Net.
9:04 of 1st period - Wrist shot by Matt Stajan.
9:04 of 1st period - Goal by Matt Stajan - Canucks : 1 - Sénateurs : 0.
9:05 of 1st period - Daymond Langkow wins face-off versus Matt Stajan in neutral zone.
9:10 of 1st period - Snap shot by Todd Bertuzzi.
9:10 of 1st period - Deflect By Andy McDonald.
9:10 of 1st period - Stopped by Carey Price without a rebound.
9:11 of 1st period - Matt Stajan wins face-off versus Daymond Langkow in Canucks zone.
9:11 of 1st period - Matt Stajan is hit by Daymond Langkow.
9:39 of 1st period - Snap shot by David Jones.
9:39 of 1st period - Stopped by Jonas Hiller without a rebound.
9:40 of 1st period - Chris Kelly wins face-off versus Jiri Hudler in Sénateurs zone.
9:52 of 1st period - Wrist shot by Jiri Hudler.
9:52 of 1st period - Shot Blocked by Dan Girardi.
10:24 of 1st period - Off-side.
10:25 of 1st period - Kris Vernarsky wins face-off versus Paul Gaustad in neutral zone.
12:41 of 1st period - Wrist shot by Jaromir Jagr.
12:41 of 1st period - Stopped by Jonas Hiller without a rebound.
12:42 of 1st period - Daymond Langkow wins face-off versus Matt Stajan in Sénateurs zone.
12:47 of 1st period - Andy McDonald is hit by Scott Niedermayer and loses puck.
12:56 of 1st period - Slapshot by Jaromir Jagr.
12:56 of 1st period - Shot Misses the Net.
13:04 of 1st period - Snap shot by Jaromir Jagr.
13:04 of 1st period - Shot Blocked by Toni Lydman.
13:06 of 1st period - Snap shot by Jaromir Jagr.
13:06 of 1st period - Stopped by Jonas Hiller without a rebound.
13:07 of 1st period - Chris Kelly wins face-off versus Jiri Hudler in Sénateurs zone.
13:20 of 1st period - Snap shot by Sean Avery.
13:20 of 1st period - Stopped by Carey Price without a rebound.
13:21 of 1st period - Matt Stajan wins face-off versus Daymond Langkow in Canucks zone.
13:31 of 1st period - Snap shot by Clarke MacArthur.
13:31 of 1st period - Shot Blocked by Vitaly Vishnevsky.
13:33 of 1st period - Slapshot by Mark Streit.
13:33 of 1st period - Shot Blocked by Daymond Langkow.
13:35 of 1st period - Slapshot by Jaromir Jagr.
13:35 of 1st period - Stopped by Jonas Hiller with a rebound.
13:37 of 1st period - Slapshot by Jaromir Jagr.
13:37 of 1st period - Shot Misses the Net.
14:09 of 1st period - Snap shot by Fabian Brunnstrom.
14:09 of 1st period - Shot Misses the Net.
14:19 of 1st period - Wrist shot by Kris Vernarsky.
14:19 of 1st period - Shot Misses the Net.
16:15 of 1st period - Brent Sopel is hit by Toni Lydman and loses puck.
17:01 of 1st period - Snap shot by Clarke MacArthur.
17:01 of 1st period - Stopped by Jonas Hiller without a rebound.
17:02 of 1st period - Matt Stajan wins face-off versus Vernon Fiddler in Sénateurs zone.
17:20 of 1st period - Vernon Fiddler is hit by Matt Stajan and loses puck.
17:25 of 1st period - Wrist shot by Clarke MacArthur.
17:25 of 1st period - Stopped by Jonas Hiller without a rebound.
17:25 of 1st period - Minor Penalty to Ville Nieminen for High sticking.
17:25 of 1st period - Minor Penalty to Brent Sopel for Tripping.
17:26 of 1st period - Jaromir Jagr wins face-off versus Todd Bertuzzi in Sénateurs zone.
17:27 of 1st period - Snap shot by Peter Worrell.
17:27 of 1st period - Deflect By Jaromir Jagr.
17:27 of 1st period - Shot Blocked by Daymond Langkow.
17:27 of 1st period - Puck is out of play.
17:28 of 1st period - Jaromir Jagr wins face-off versus Todd Bertuzzi in Sénateurs zone.
17:33 of 1st period - Slapshot by Peter Worrell.
17:33 of 1st period - Shot Misses the Net.
18:16 of 1st period - Slapshot by Matt Stajan.
18:16 of 1st period - Deflect By Paul Gaustad.
18:16 of 1st period - Stopped by Jonas Hiller without a rebound.
18:17 of 1st period - Jaromir Jagr wins face-off versus Todd Bertuzzi in Sénateurs zone.
19:12 of 1st period - Off-side.
19:13 of 1st period - Paul Gaustad wins face-off versus Fabian Brunnstrom in neutral zone.
19:20 of 1st period - Paul Gaustad is hit by Mark Streit and loses puck.
19:25 of 1st period - Penalty to Ville Nieminen is over, Ville Nieminen is back on ice.
19:25 of 1st period - Penalty to Brent Sopel is over, Brent Sopel is back on ice.
19:47 of 1st period - Wrist shot by Vitaly Vishnevsky.
19:47 of 1st period - Shot Misses the Net.
19:55 of 1st period - Snap shot by Kris Vernarsky.
19:55 of 1st period - Stopped by Jonas Hiller with a rebound.
2nd period
0:01 of 2nd period - Matt Stajan wins face-off versus Daymond Langkow in neutral zone.
0:11 of 2nd period - Snap shot by Andy McDonald.
0:11 of 2nd period - Shot Blocked by Scott Niedermayer.
0:12 of 2nd period - Minor Penalty to Scott Niedermayer for Slashing.
0:13 of 2nd period - Daymond Langkow wins face-off versus Jaromir Jagr in Canucks zone.
0:20 of 2nd period - Snap shot by Daymond Langkow.
0:20 of 2nd period - Stopped by Carey Price without a rebound.
0:21 of 2nd period - Jaromir Jagr wins face-off versus Daymond Langkow in Canucks zone.
0:37 of 2nd period - Off-side.
0:38 of 2nd period - Daymond Langkow wins face-off versus Jaromir Jagr in neutral zone.
0:45 of 2nd period - Wrist shot by Daymond Langkow.
0:45 of 2nd period - Shot Blocked by Mark Streit.
0:49 of 2nd period - Wrist shot by Daymond Langkow.
0:49 of 2nd period - Stopped by Carey Price without a rebound.
0:50 of 2nd period - Daymond Langkow wins face-off versus Jaromir Jagr in Canucks zone.
1:29 of 2nd period - Snap shot by Paul Gaustad.
1:29 of 2nd period - Shot Misses the Net.
2:12 of 2nd period - Penalty to Scott Niedermayer is over, Scott Niedermayer is back on ice.
2:42 of 2nd period - Slapshot by Dan Girardi.
2:42 of 2nd period - Shot Misses the Net.
2:52 of 2nd period - Slapshot by Kris Vernarsky.
2:52 of 2nd period - Shot Misses the Net.
2:54 of 2nd period - Slapshot by Taylor Chorney.
2:54 of 2nd period - Shot Blocked by Jay McKee.
2:56 of 2nd period - Snap shot by Kris Vernarsky.
2:56 of 2nd period - Stopped by Jonas Hiller with a rebound.
2:58 of 2nd period - Slapshot by Taylor Chorney.
2:58 of 2nd period - Shot Blocked by Dan Girardi.
3:04 of 2nd period - Snap shot by Kris Vernarsky.
3:04 of 2nd period - Stopped by Jonas Hiller with a rebound.
3:14 of 2nd period - Snap shot by Erik Christensen.
3:14 of 2nd period - Shot Blocked by Paul Gaustad.
3:56 of 2nd period - Snap shot by Ville Nieminen.
3:56 of 2nd period - Stopped by Carey Price with a rebound.
4:26 of 2nd period - Wrist shot by David Jones.
4:26 of 2nd period - Stopped by Jonas Hiller with a rebound.
5:05 of 2nd period - Chris Kelly is hit by Jeremy Williams and loses puck.
5:20 of 2nd period - Clarke MacArthur is hit by Ray Whitney and loses puck.
5:45 of 2nd period - Vernon Fiddler is hit by Brent Sopel and loses puck.
6:09 of 2nd period - Wrist shot by Vernon Fiddler.
6:09 of 2nd period - Stopped by Carey Price with a rebound.
6:11 of 2nd period - Slapshot by Vitaly Vishnevsky.
6:11 of 2nd period - Deflect By Ville Nieminen.
6:11 of 2nd period - Shot Misses the Net.
6:11 of 2nd period - Puck is out of play.
6:12 of 2nd period - Daymond Langkow wins face-off versus Kris Vernarsky in Canucks zone.
6:39 of 2nd period - Sami Salo is hit by Mark Streit and loses puck.
6:54 of 2nd period - Taylor Chorney is hit by Sami Salo and loses puck.
7:09 of 2nd period - Paul Gaustad is hit by François Beauchemin.
7:42 of 2nd period - Clarke MacArthur is hit by Toni Lydman and loses puck.
7:49 of 2nd period - Snap shot by Chris Kelly.
7:49 of 2nd period - Shot Misses the Net.
7:51 of 2nd period - Snap shot by Nikita Alexeev.
7:51 of 2nd period - Stopped by Carey Price with a rebound.
8:05 of 2nd period - Matt Stajan is hit by Toni Lydman and loses puck.
8:28 of 2nd period - Sami Kapanen is hit by Jiri Hudler and loses puck.
8:56 of 2nd period - Snap shot by Erik Christensen.
8:56 of 2nd period - Shot Misses the Net.
9:15 of 2nd period - Off-side.
9:16 of 2nd period - Kris Vernarsky wins face-off versus Paul Gaustad in neutral zone.
9:16 of 2nd period - Kris Vernarsky is hit by Ray Whitney.
9:28 of 2nd period - Paul Gaustad is hit by Brent Sopel and loses puck.
9:39 of 2nd period - Kris Vernarsky is hit by Paul Gaustad and loses puck.
10:06 of 2nd period - Wrist shot by Jeremy Williams.
10:06 of 2nd period - Stopped by Jonas Hiller with a rebound.
10:08 of 2nd period - Slapshot by Brent Sopel.
10:08 of 2nd period - Shot Blocked by Sami Salo.
10:10 of 2nd period - Wrist shot by Derian Hatcher.
10:10 of 2nd period - Shot Misses the Net.
10:35 of 2nd period - Off-side.
10:36 of 2nd period - Chris Kelly wins face-off versus Matt Stajan in neutral zone.
10:51 of 2nd period - Jay McKee is hit by Matt Stajan and loses puck.
11:23 of 2nd period - Taylor Chorney is hit by Ville Nieminen and loses puck.
11:28 of 2nd period - Wrist shot by Vernon Fiddler.
11:28 of 2nd period - Stopped by Carey Price without a rebound.
11:29 of 2nd period - Matt Stajan wins face-off versus Vernon Fiddler in Canucks zone.
11:48 of 2nd period - Slapshot by Toni Lydman.
11:48 of 2nd period - Stopped by Carey Price without a rebound.
11:49 of 2nd period - Daymond Langkow wins face-off versus Jiri Hudler in Canucks zone.
11:56 of 2nd period - Snap shot by Daymond Langkow.
11:56 of 2nd period - Stopped by Carey Price without a rebound.
11:57 of 2nd period - Daymond Langkow wins face-off versus Matt Stajan in Canucks zone.
12:07 of 2nd period - Wrist shot by Andy McDonald.
12:07 of 2nd period - Shot Misses the Net.
12:09 of 2nd period - Slapshot by Toni Lydman.
12:09 of 2nd period - Shot Blocked by Mark Streit.
12:11 of 2nd period - Slapshot by Andy McDonald.
12:11 of 2nd period - Stopped by Carey Price with a rebound.
12:41 of 2nd period - Off-side.
12:42 of 2nd period - Jiri Hudler wins face-off versus Chris Kelly in neutral zone.
13:08 of 2nd period - Kris Vernarsky is hit by Vitaly Vishnevsky and loses puck.
13:38 of 2nd period - Snap shot by Sami Salo.
13:38 of 2nd period - Deflect By Brent Sopel.
13:38 of 2nd period - Stopped by Carey Price with a rebound.
14:29 of 2nd period - Andy McDonald is hit by Mark Streit and loses puck.
14:45 of 2nd period - Snap shot by Erik Christensen.
14:45 of 2nd period - Stopped by Jonas Hiller with a rebound.
14:47 of 2nd period - Slapshot by François Beauchemin.
14:47 of 2nd period - Stopped by Jonas Hiller with a rebound.
14:49 of 2nd period - Slapshot by Scott Niedermayer.
14:49 of 2nd period - Shot Blocked by Sami Kapanen.
14:58 of 2nd period - Minor Penalty to François Beauchemin for Hooking.
14:59 of 2nd period - Daymond Langkow wins face-off versus Jaromir Jagr in Canucks zone.
15:56 of 2nd period - Andy McDonald is hit by Peter Worrell and loses puck.
16:23 of 2nd period - Brent Sopel is hit by Paul Gaustad.
16:40 of 2nd period - Slapshot by Nikita Alexeev.
16:40 of 2nd period - Deflect By Ray Whitney.
16:40 of 2nd period - Stopped by Carey Price with a rebound.
16:42 of 2nd period - Slapshot by Vitaly Vishnevsky.
16:42 of 2nd period - Goal by Vitaly Vishnevsky - Canucks : 1 - Sénateurs : 1.
16:43 of 2nd period - Daymond Langkow wins face-off versus Kris Vernarsky in neutral zone.
17:12 of 2nd period - Mark Streit is hit by Dan Girardi and loses puck.
17:55 of 2nd period - Minor Penalty to Paul Gaustad for Cross-checking.
17:56 of 2nd period - Matt Stajan wins face-off versus Todd Bertuzzi in Sénateurs zone.
18:31 of 2nd period - Snap shot by Clarke MacArthur.
18:31 of 2nd period - Shot Blocked by Jay McKee.
18:33 of 2nd period - Slapshot by Derian Hatcher.
18:33 of 2nd period - Shot Blocked by Daymond Langkow.
18:44 of 2nd period - Off-side.
18:45 of 2nd period - Matt Stajan wins face-off versus Sean Avery in neutral zone.
19:09 of 2nd period - Off-side.
19:10 of 2nd period - Jiri Hudler wins face-off versus Todd Bertuzzi in neutral zone.
19:17 of 2nd period - Wrist shot by Clarke MacArthur.
19:17 of 2nd period - Deflect By Jiri Hudler.
19:17 of 2nd period - Stopped by Jonas Hiller without a rebound.
19:18 of 2nd period - Matt Stajan wins face-off versus Todd Bertuzzi in Sénateurs zone.
19:53 of 2nd period - Chris Kelly is hit by David Jones and loses puck.
19:55 of 2nd period - Penalty to Paul Gaustad is over, Paul Gaustad is back on ice.
3rd period
0:01 of 3rd period - Matt Stajan wins face-off versus Daymond Langkow in neutral zone.
0:12 of 3rd period - Scott Niedermayer is hit by Daymond Langkow and loses puck.
0:47 of 3rd period - Snap shot by Fabian Brunnstrom.
0:47 of 3rd period - Stopped by Jonas Hiller without a rebound.
0:48 of 3rd period - Paul Gaustad wins face-off versus Kris Vernarsky in Sénateurs zone.
0:56 of 3rd period - Brent Sopel beats up Toni Lydman.
0:56 of 3rd period - Penalty to Toni Lydman for Fighting.
0:56 of 3rd period - Penalty to Brent Sopel for Fighting.
0:57 of 3rd period - Daymond Langkow wins face-off versus Matt Stajan in neutral zone.
1:00 of 3rd period - Scott Niedermayer is hit by Vitaly Vishnevsky.
1:01 of 3rd period - Scott Niedermayer from Canucks is injured at 1:01 of 3rd period (Lower Body).
1:02 of 3rd period - Daymond Langkow wins face-off versus Matt Stajan in Canucks zone.
1:03 of 3rd period - Wrist shot by Andy McDonald.
1:03 of 3rd period - Shot Misses the Net.
1:35 of 3rd period - Wrist shot by Chris Kelly.
1:35 of 3rd period - Stopped by Carey Price with a rebound.
1:41 of 3rd period - Nikita Alexeev is hit by Jiri Hudler and loses puck.
2:00 of 3rd period - Wrist shot by Paul Gaustad.
2:00 of 3rd period - Shot Misses the Net.
2:21 of 3rd period - Icing by Andy McDonald.
2:22 of 3rd period - Daymond Langkow wins face-off versus Matt Stajan in Sénateurs zone.
2:29 of 3rd period - Slapshot by Sami Salo.
2:29 of 3rd period - Shot Misses the Net.
3:32 of 3rd period - Jay McKee is hit by Matt Stajan.
3:42 of 3rd period - Vitaly Vishnevsky is hit by David Jones and loses puck.
4:37 of 3rd period - Wrist shot by Ville Nieminen.
4:37 of 3rd period - Deflect By Dan Hinote.
4:37 of 3rd period - Stopped by Carey Price without a rebound.
4:38 of 3rd period - Matt Stajan wins face-off versus Daymond Langkow in Canucks zone.
4:38 of 3rd period - Matt Stajan is hit by Todd Bertuzzi.
4:51 of 3rd period - Minor Penalty to Matt Stajan for Hooking.
4:52 of 3rd period - Daymond Langkow wins face-off versus Peter Worrell in Canucks zone.
4:55 of 3rd period - Backhand shot by Daymond Langkow.
4:55 of 3rd period - Stopped by Carey Price with a rebound.
5:26 of 3rd period - Off-side.
5:27 of 3rd period - Clarke MacArthur wins face-off versus Daymond Langkow in neutral zone.
5:30 of 3rd period - Vitaly Vishnevsky is hit by Clarke MacArthur and loses puck.
5:37 of 3rd period - Mark Streit is hit by Jay McKee and loses puck.
5:56 of 3rd period - Penalty to Brent Sopel is over, Brent Sopel is back on ice.
6:42 of 3rd period - Jay McKee is hit by Clarke MacArthur and loses puck.
6:51 of 3rd period - Penalty to Matt Stajan is over, Matt Stajan is back on ice.
7:42 of 3rd period - Minor Penalty to Ray Whitney for Interference.
7:43 of 3rd period - Jiri Hudler wins face-off versus Todd Bertuzzi in Sénateurs zone.
8:23 of 3rd period - Matt Stajan is hit by Dan Girardi and loses puck.
8:50 of 3rd period - David Jones is hit by Jay McKee.
9:42 of 3rd period - Penalty to Ray Whitney is over, Ray Whitney is back on ice.
9:53 of 3rd period - Derian Hatcher is hit by Dan Hinote and loses puck.
10:38 of 3rd period - Slapshot by Vitaly Vishnevsky.
10:38 of 3rd period - Shot Misses the Net.
10:40 of 3rd period - Snap shot by Sami Kapanen.
10:40 of 3rd period - Goal by Sami Kapanen - Canucks : 1 - Sénateurs : 2.
10:41 of 3rd period - Clarke MacArthur wins face-off versus Daymond Langkow in neutral zone.
10:46 of 3rd period - Matt Stajan is hit by Todd Bertuzzi and loses puck.
10:57 of 3rd period - Snap shot by Jaromir Jagr.
10:57 of 3rd period - Deflect By Daymond Langkow.
10:57 of 3rd period - Shot Misses the Net.
10:57 of 3rd period - Puck is out of play.
10:58 of 3rd period - Jiri Hudler wins face-off versus Chris Kelly in Sénateurs zone.
11:05 of 3rd period - Snap shot by Jiri Hudler.
11:05 of 3rd period - Shot Misses the Net.
11:07 of 3rd period - Slapshot by Brent Sopel.
11:07 of 3rd period - Stopped by Jonas Hiller with a rebound.
11:09 of 3rd period - Slapshot by Brent Sopel.
11:09 of 3rd period - Stopped by Jonas Hiller without a rebound.
11:10 of 3rd period - Daymond Langkow wins face-off versus Matt Stajan in Sénateurs zone.
12:29 of 3rd period - Snap shot by Todd Bertuzzi.
12:29 of 3rd period - Stopped by Carey Price without a rebound.
12:30 of 3rd period - Matt Stajan wins face-off versus Chris Kelly in Canucks zone.
12:30 of 3rd period - Matt Stajan is hit by Sean Avery.
12:35 of 3rd period - Mark Streit is hit by Nikita Alexeev and loses puck.
13:36 of 3rd period - Wrist shot by Dan Hinote.
13:36 of 3rd period - Stopped by Carey Price without a rebound.
13:37 of 3rd period - Vernon Fiddler wins face-off versus Matt Stajan in Canucks zone.
13:38 of 3rd period - Wrist shot by Dan Hinote.
13:38 of 3rd period - Shot Blocked by Clarke MacArthur.
14:03 of 3rd period - Taylor Chorney is hit by Vitaly Vishnevsky and loses puck.
14:09 of 3rd period - Off-side.
14:10 of 3rd period - Jiri Hudler wins face-off versus Daymond Langkow in neutral zone.
15:12 of 3rd period - Slapshot by Jiri Hudler.
15:12 of 3rd period - Shot Blocked by Andy McDonald.
15:42 of 3rd period - Kris Vernarsky is hit by Ville Nieminen and loses puck.
15:48 of 3rd period - Minor Penalty to Jeremy Williams for Hooking.
15:49 of 3rd period - Daymond Langkow wins face-off versus Jaromir Jagr in Canucks zone.
15:50 of 3rd period - Slapshot by Andy McDonald.
15:50 of 3rd period - Stopped by Carey Price with a rebound.
15:52 of 3rd period - Slapshot by Jay McKee.
15:52 of 3rd period - Goal by Jay McKee - Canucks : 1 - Sénateurs : 3.
15:53 of 3rd period - Matt Stajan wins face-off versus Daymond Langkow in neutral zone.
16:23 of 3rd period - Wrist shot by David Jones.
16:23 of 3rd period - Stopped by Jonas Hiller with a rebound.
16:25 of 3rd period - Slapshot by Taylor Chorney.
16:25 of 3rd period - Shot Blocked by Jay McKee.
16:27 of 3rd period - Slapshot by Taylor Chorney.
16:27 of 3rd period - Stopped by Jonas Hiller without a rebound.
16:28 of 3rd period - Matt Stajan wins face-off versus Daymond Langkow in Sénateurs zone.
16:33 of 3rd period - Wrist shot by Jaromir Jagr.
16:33 of 3rd period - Stopped by Jonas Hiller with a rebound.
16:53 of 3rd period - Mark Streit is hit by Dan Girardi and loses puck.
18:21 of 3rd period - Icing by Clarke MacArthur.
18:22 of 3rd period - Chris Kelly wins face-off versus Matt Stajan in Canucks zone.
18:31 of 3rd period - Snap shot by Andy McDonald.
18:31 of 3rd period - Stopped by Carey Price without a rebound.
18:32 of 3rd period - Matt Stajan wins face-off versus Daymond Langkow in Canucks zone.
18:38 of 3rd period - Minor Penalty to Todd Bertuzzi for Hooking.
18:39 of 3rd period - Matt Stajan wins face-off versus Sean Avery in Sénateurs zone.
18:46 of 3rd period - Snap shot by Jaromir Jagr.
18:46 of 3rd period - Goal by Jaromir Jagr - Canucks : 2 - Sénateurs : 3.
18:47 of 3rd period - Daymond Langkow wins face-off versus Matt Stajan in neutral zone.
18:54 of 3rd period - Wrist shot by Andy McDonald.
18:54 of 3rd period - Stopped by Carey Price without a rebound.
18:55 of 3rd period - Bryan Murray call a timeout for Canucks.
18:55 of 3rd period - Todd Bertuzzi wins face-off versus Matt Stajan in Canucks zone.
19:12 of 3rd period - Canucks, Carey Price is pulled from the net.
19:12 of 3rd period - Snap shot by Peter Worrell.
19:12 of 3rd period - Stopped by Jonas Hiller without a rebound.
19:13 of 3rd period - Daymond Langkow wins face-off versus Matt Stajan in Sénateurs zone.
19:26 of 3rd period - Off-side.
19:27 of 3rd period - Matt Stajan wins face-off versus Daymond Langkow in neutral zone.
19:27 of 3rd period - Minor Penalty to Vitaly Vishnevsky for Goalie Interference.
19:28 of 3rd period - Matt Stajan wins face-off versus Daymond Langkow in Sénateurs zone.
19:37 of 3rd period - Peter Worrell is hit by Todd Bertuzzi and loses puck.
Output by the SimonT Hockey Simulator (STHS) for François Prévost -- Original Page W3C XHTML 1.0 Valid